 Dungeon Crawl Stone Soup version 0.30-a0-1050-g2766ea1e55 (webtiles) character file.

Game seed: 1891376622924893487

45 Ic0nGaming the Cutter (level 3, -1/23 HPs)
             Began as a Kobold Fighter on Apr 10, 2023.
             Slain by a gnoll
             ... wielding a +0 flail
              (7 damage)
             ... on level 2 of the Dungeon.
             The game lasted 00:03:08 (1340 turns).

Ic0nGaming the Cutter (Kobold Fighter)              Turns: 1340, Time: 00:03:08

Health: -1/23      AC:  7    Str: 13    XL:     3   Next: 90%
Magic:  3/3        EV: 10    Int:  9    God:
Gold:   64         SH:  6    Dex: 16    Spells: 2/2 levels left

rFire   . . .      SeeInvis .    a - +1 rapier
rCold   . . .      Faith    .    c - +1 buckler
rNeg    . . .      Spirit   .    b - +0 scale mail
rPois   .          Reflect  .    (no helmet)
rElec   .          Rampage  .    (no cloak)
rCorr   .                        (no gloves)
Will    .....                    h - +0 pair of boots
Stlth   +                        (no amulet)
HPRegen 0.23/turn                (no ring)
MPRegen 0.08/turn                (no ring)

@: no status effects
A: small, no large weapons, nightstalker 3
a: no special abilities


You were on level 2 of the Dungeon.
You visited 1 branch of the dungeon, and saw 2 of its levels.

You collected 64 gold pieces.

Inventory:

Hand Weapons
 a - a +1 rapier (weapon)
Armour
 b - a +0 scale mail (worn)
 c - a +1 buckler (worn)
 h - a +0 pair of boots (worn)
Scrolls
 e - a scroll of identify {unknown}
Potions
 d - a potion of might
 j - a potion of ambrosia {unknown}
 k - 2 potions of curing


   Skills:
 - Level 3.2 Fighting
 + Level 5.2 Short Blades
 - Level 2.4 Armour
 - Level 2.4 Shields


You had 2 spell levels left.
You didn't know any spells.
Your spell library was empty.

Dungeon Overview and Level Annotations

Branches:
Dungeon (2/15)

Altars:

Annotations:
D:2 Sigmund


Innate Abilities, Weirdness & Mutations

You are small and have problems with some larger weapons.
You are completely attuned to the shadows.


Message History

The bat hits you but does no damage. The bat hits you but does no damage.
You barely miss the bat. You block the bat's attack.
You closely miss the rat. The bat closely misses you.
The rat bites you but does no damage.
You closely miss the rat. The bat hits you but does no damage.
The rat barely misses you.
You hit the bat.
You kill the bat!
The rat bites you.
You barely miss the rat. The rat bites you but does no damage.
You hit the rat.
You kill the rat!
No target in view!
No target in view!
HP restored.
e - a scroll labelled CAFU ZOS ZUUQ
Found a stone staircase leading down.
A kobold comes into view. It is wielding a +0 dagger.
The kobold closely misses you.
You barely miss the kobold. The kobold hits you but does no damage.
You closely miss the kobold. The kobold completely misses you.
You hit the kobold but do no damage.
A nearby fungus withers and dies.
The kobold hits you but does no damage.
You hit the kobold.
You kill the kobold!
A gnoll comes into view. It is wielding a +0 flail.
The gnoll shouts!
You hear a shout! x2
The gnoll misses you.
You barely miss the gnoll.
A gnoll comes into view. It is wielding a +0 spear.
The gnoll barely misses you.
You barely miss the gnoll. The gnoll hits you with a +0 flail!
You hit the gnoll.
The gnoll is moderately wounded.
The gnoll hits you with a +0 flail!
* * * LOW HITPOINT WARNING * * *
You block the gnoll's attack. The gnoll attacks as you move away!
The gnoll hits you with a +0 flail!
You die...

..... .w.... ...
.#
#####.###.####.#
#..........#.#
.........###.#####
######
#...........#P#
.....#
#.##.#.........
.....#
#.####.....).P.
.....###.##
###.@..#..
..........# #g..##
..........# ##g.#
..........# #..#
..........# #...
..........# #....
... ..


You could see 2 gnolls.

Vanquished Creatures
  An adder (D:2)
  A gnoll (D:1)
  2 bats
  2 endoplasms (D:1)
  2 giant cockroaches (D:1)
  4 goblins
  3 hobgoblins
  2 jackals (D:1)
  A quokka (D:2)
  3 kobolds
  3 rats
24 creatures vanquished.

Vanquished Creatures (others)
  3 fungi (D:2)
3 creatures vanquished.

Grand Total: 27 creatures vanquished

Notes
Turn   | Place    | Note
-------+----------+-------------------------------------------
     0 | D:1      | Ic0nGaming the Kobold Fighter began the quest for the Orb.
     0 | D:1      | Reached XP level 1. HP: 14/14 MP: 1/1
    24 | D:1      | Reached skill level 3 in Short Blades
    61 | D:1      | Reached XP level 2. HP: 16/19 MP: 2/2
   312 | D:1      | Found a faded altar of an unknown god.
   522 | D:1      | Reached skill level 4 in Short Blades
   707 | D:1      | You fall into a shaft and drop 1 floor!
   998 | D:2      | Noticed Sigmund
  1009 | D:1      | Reached XP level 3. HP: 17/23 MP: 3/3
  1262 | D:2      | Reached skill level 5 in Short Blades
  1340 | D:2      | Slain by a gnoll

Illustrated notes

Levels and vault maps discovered:
D:1:      dpeg_arrival_tiny_a, layout_loops_cross,
          dilly_ecumenical_altar_fadedgnrine
D:2:      layout_basic, hex_intersection, minmay_misc_feat_more_columns,
          uniq_crazy_yiuf_cottage, uniq_sigmund

Skill      XL: |  1  2  3 |
---------------+----------+-----
Short Blades   | 3 4 5 |  5.2
Fighting       | |  3.2
Armour         | |  2.4
Shields        | |  2.4

Action                     || total
---------------------------++-------
  Melee: Rapier            ||   127
    Use: Scroll            ||     5
   Stab: Sleeping          ||     1
 Armour: Scale mail        ||    48
  Dodge: Dodged            ||    57
  Block: Buckler           ||    21

Table legend: (Time is in decaauts)
 A = Elapsed time spent in this place.
 B = Non-inter-level travel time spent in this place.
 C = Inter-level travel time spent in this place.
 D = Time resting spent in this place.
 E = Time spent auto-exploring this place.
 F = Levels seen in this place.
 G = Mean time per level.
                   A        B        C        D        E       F      G
               +--------+--------+--------+--------+--------+-----+--------+
         Total |   1348 |   1313 |     35 |    306 |    703 |   2 |  674.0 |
       Dungeon |   1348 |   1313 |     35 |    306 |    703 |   2 |  674.0 |
               +--------+--------+--------+--------+--------+-----+--------+

Top non-repeatable levels by time:
     D:1: 1157 daAuts
     D:2: 191 daAuts
